 Dungeon Crawl Stone Soup version 0.18-a0-33-g9e10395 (webtiles) character file.

6 MrRokkomies the Sneak (level 2, -5/22 HPs)
             Began as a Formicid Assassin on Nov 5, 2015.
             Slain by a gnoll
             ... wielding a +0 spear
              (6 damage)
             ... on level 9 of the Dungeon.
             The game lasted 00:01:18 (61 turns).

MrRokkomies the Sneak (Formicid Assassin)             Turns: 61, Time: 00:01:18

Health: -5/22      AC:  3    Str: 15    XL:     2   Next: 0%
Magic:  2/2        EV: 11    Int: 10    God:
Gold:   0          SH:  3    Dex: 12    Spells: 0 memorised, 1 level left

rFire  . . .     SeeInvis +     a - +2 dagger
rCold  . . .     Clarity  .     c - +0 robe
rNeg   . . .     SustAt   .     h - +0 buckler
rPois  .         Gourm    .     (helmet unavailable)
rElec  .         Spirit   .     d - +0 cloak
rCorr  .         Warding  .     (no gloves)
rMut   .         Stasis   +     (no boots)
MR     .....                    (no amulet)
Stlth  +++.......               (no ring)
                                (no ring)

@: not resistant to hostile enchantments, fairly stealthy
A: permanent stasis, dig shafts and tunnels, four strong arms, antennae 3
a: Dig, Shaft Self


You were on level 9 of the Dungeon.
You were not hungry.

You visited 1 branch of the dungeon, and saw 6 of its levels.

Inventory:

Hand Weapons
 a - a +2 dagger (weapon)
 b - a +0 blowgun
Missiles
 e - 8 poisoned needles
 f - 2 curare-tipped needles
Armour
 c - a +0 robe (worn)
 d - a +0 cloak (worn)
 h - a +0 buckler (worn)
Scrolls
 j - a scroll of enchant weapon {unknown}
 l - a scroll of identify {unknown}
Comestibles
 g - a bread ration
 i - a meat ration


   Skills:
 * Level 2.2 Fighting
 - Level 2.0 Short Blades
 - Level 1.5 Throwing
 - Level 0.8 Dodging
 - Level 5.3 Stealth


You had one spell level left.
You didn't know any spells.

Dungeon Overview and Level Annotations

Branches:
Dungeon (9/15)
 Temple: D:4-7         Lair: D:8-11         Orc: D:9-12

Altars:


Innate Abilities, Weirdness & Mutations

You are under a permanent stasis effect.
You can dig through walls and to a lower floor.
Your four strong arms can wield two-handed weapons with a shield.
You have a pair of large antennae on your head (SInv).


Message History

You fall through a shaft for 3 floors!
The shaft crumbles and collapses. 4 killer bees, 4 gnolls and a gnoll sergeant come into view.
The killer bee buzzes angrily. x2
The gnoll shouts!
The gnoll sergeant shouts!
The killer bee buzzes angrily.
The gnoll shouts! x3
The killer bee buzzes angrily.
You aren't carrying any items that can be evoked.
Drink which item? (? for menu, Esc to quit)
It was a potion of curing.
You feel better. The killer bee closely misses you. The killer bee stings you!
The teleport trap disappears.
The gnoll disappears!
You block the killer bee's attack. You block the gnoll's attack.
Found 2 steel javelins.
Found a stone staircase leading down.
The gnoll hits you from afar with a spear.
The gnoll sergeant hits you but does no damage.
The killer bee stings you!
* * * LOW HITPOINT WARNING * * *
The gnoll barely misses you. The killer bee barely misses you.
The gnoll hits you from afar with a spear.
You die...

.# . .#.#
####.#.##
#.......#
#.......#
#@ggg...#
#yy.....#
#y.g....#
#........
#y......#
##.##.#.#
.# ...#
.# .>. .#
.(


You could see a gnoll sergeant, 4 killer bees and 3 gnolls.

Vanquished Creatures
  A worm (D:2)
  A goblin (D:2)
  A kobold (D:2)
3 creatures vanquished.

Notes
Turn   | Place    | Note
--------------------------------------------------------------
     0 | D:1      | MrRokkomies the Formicid Assassin began the quest for the Orb.
     0 | D:1      | Reached XP level 1. HP: 16/16 MP: 1/1
    11 | D:1      | You fall through a shaft!
    30 | D:2      | Reached skill level 5 in Stealth
    33 | D:2      | Reached XP level 2. HP: 22/22 MP: 2/2
    36 | D:2      | You fall through a shaft!
    39 | D:3      | You fall through a shaft for 2 floors!
    39 | D:5      | Entered Level 5 of the Dungeon
    44 | D:5      | You fall through a shaft!
    57 | D:6      | You fall through a shaft for 3 floors!
    57 | D:9      | Noticed a gnoll sergeant
    57 | D:9      | Noticed a killer bee
    57 | D:9      | Noticed a killer bee
    57 | D:9      | Noticed a killer bee
    57 | D:9      | Noticed a killer bee
    60 | D:9      | HP: 1/22 [killer bee (9)]
    61 | D:9      | Slain by a gnoll

Vault maps used:
D:1:      evilmike_arrival_grusome_pit
D:2:      forest_paths
D:3:      trog_hazing_becter
D:5:      nicolae_ashenzari_panopticon, minmay_temple_entry_statues,
          serial_shops, nicolae_shop_window_shopping, first_bread, uniq_pikel,
          uniq_duvessa, uniq_grinder
D:6:      kennysheep_little_box, serial_shops, shop

Action                   || total
-------------------------++-------
Melee: Dagger            ||     4
 Abil: Shaft Self        ||     5
  Use: Potion            ||     1
 Stab: Sleeping          ||     2
